 Dungeon Crawl Stone Soup version 0.32-a0-128-g77eb882913 (webtiles) character file.

Game seed: 10026012411103982718

193 Ambrosia the Shooter (level 5, -8/46 HPs)
             Began as a Minotaur Hunter on Feb 7, 2024.
             Mangled by a gnoll
             ... wielding a +0 halberd
              (13 damage)
             ... on level 3 of the Dungeon.
             The game lasted 00:03:08 (2099 turns).

Ambrosia the Shooter (Minotaur Hunter)              Turns: 2099, Time: 00:03:08

Health: -8/46      AC:  3    Str: 16    XL:     5   Next: 43%
Magic:  4/4        EV:  7    Int:  6    God:
Gold:   145        SH:  0    Dex: 15    Spells: 4/4 levels left

rFire   . . .        a - +0 shortbow
rCold   . . .        (shield currently unavailable)
rNeg    . . .        c - +0 leather armour
rPois   .            (helmet restricted)
rElec   .            (no cloak)
rCorr   .            (no gloves)
SInv    .            (no boots)
Will    .....        (no amulet)
Stlth   +            (no ring)
HPRegen 0.27/turn    (no ring)
MPRegen 0.09/turn

%: no passive effects
@: held
A: horns 2, retaliatory headbutt
a: no special abilities


You were on level 3 of the Dungeon.
You visited 1 branch of the dungeon, and saw 3 of its levels.

You collected 145 gold pieces.

Inventory:

Hand Weapons
 a - a +0 shortbow (weapon)
 h - a +0 sling
   (You took it off a goblin on level 2 of the Dungeon)
Armour
 c - a +0 leather armour (worn)
 m - the +3 leather armour of Refuge {Int+4}
   (You found it on level 3 of the Dungeon)

   Int+4:     It affects your intelligence (+4).
Jewellery
 i - a ring of resist corrosion
   (You found it on level 2 of the Dungeon)
Scrolls
 e - 2 scrolls of identify {@r1}
 f - a scroll of noise {!r}
 g - a scroll of enchant weapon {unknown}
 k - a scroll of summoning {unknown}
Potions
 d - a potion of ambrosia
 n - a potion of magic {unknown}


   Skills:
 * Level 4.1 Fighting
 * Level 5.3 Ranged Weapons
 + Level 2.0 Armour
 * Level 3.6 Dodging
 - Level 0.7 Stealth
 + Level 1.4 Shields


You had 4 spell levels left.
You didn't know any spells.
Your spell library contained the following spells:

 Spells                   Type           Power      Damage    Failure   Level
 Magic Dart               Conj           0%         1d3       52%         1
 Blink                    Tloc           0%         N/A       67%         2
 Call Imp                 Summ           0%         N/A       67%         2
 Tukima's Dance           Hex            0%         N/A       88%         3
 Passage of Golubria      Tloc           0%         N/A       99%         4
 Yara's Violent Unravell  Hex/Alch       0%         3d3       100%        5


Dungeon Overview and Level Annotations

Branches:
Dungeon (3/15) Zot: 15868

Altars:

Shops:
D:1 [


Innate Abilities, Weirdness & Mutations

You have a pair of horns on your head.
You reflexively headbutt those who attack you in melee.


Message History

The arrow hits the orc but does no damage.
The orc hits you but does no damage.
Fire: a) +0 shortbow
Press: ? - help, Q - select action Shift-Dir - straight line, f/p - orc
Aim: an orc, wielding a +0 short sword and wearing a +0 leather armour (heavily wounded, 63% to hit)
You shoot an arrow. The arrow hits the orc!
You kill the orc!
Fire: a) +0 shortbow
Press: ? - help, Q - select action Shift-Dir - straight line, f - you
Okay, then.
Search for what [Enter for "shield", or ? for help]?
Can't find anything matching that.
No target in view!
An orc comes into view. It is wielding a +0 flail.
You regained 6 hp, and now have 42/46 hp.
You shoot an arrow. The orc shouts!
The arrow hits the orc but does no damage.
An orc is nearby!
You shoot an arrow. The arrow hits the orc.
You shoot an arrow. The arrow hits the orc.
You shoot an arrow. The arrow barely misses the orc.
You shoot an arrow.
The arrow hits the orc but does no damage.
An orc is nearby!
You shoot an arrow. The arrow hits the orc.
You kill the orc!
No target in view!
No target in view!
No target in view!
Things that are here:
a +0 flail; a +0 ring mail
Items here: )) [[ †.
You see here a hobgoblin corpse.
You see here a +0 robe.
A dart slug comes into view.
Health restored: 46 You shoot an arrow.
The arrow hits the dart slug!
You kill the dart slug!
A gnoll comes into view. It is wielding a +0 flail.
You shoot an arrow. The arrow hits the gnoll.
The gnoll shouts!
A gnoll comes into view. It is wielding a +0 halberd.
You shoot an arrow. The arrow closely misses the gnoll.
A gnoll comes into view. It is wielding a +0 spear.
You shoot an arrow. The arrow barely misses the gnoll.
The gnoll shouts!
You hear a bark!
You hear a shout!
You shoot an arrow. The arrow hits the gnoll.
The gnoll barely misses you. You furiously retaliate!
You headbutt the gnoll!
You kill the gnoll!
Your Armour skill increases to level 2!
There are monsters nearby!
You shoot an arrow. The arrow hits the gnoll.
The gnoll hits you from afar with a +0 halberd!
You take 10 damage, and have 36/46 hp.
MASSIVE DAMAGE!!
You shoot an arrow. The arrow closely misses the gnoll.
A gnoll comes into view.
It is wielding a +0 whip and quivering 2 throwing nets.
The gnoll closely misses you.
You shoot an arrow. The arrow hits the gnoll.
The gnoll misses you. x2
The gnoll hits you from afar with a +0 spear!
You take 9 damage, and have 27/46 hp.
You are too injured to fight recklessly!
You are too injured to fight recklessly!
You are too injured to fight recklessly!
The gnoll attacks as it pursues you!
The gnoll hits you from afar with a +0 spear.
You take 4 damage, and have 24/46 hp.
Fire: a) +0 shortbow
Press: ? - help, Q - select action Shift-Dir - straight line, f/p - gnoll
Aim: a gnoll, wielding a +0 halberd (severely wounded, 66% to hit)
You shoot an arrow. The arrow hits the gnoll!
The gnoll closely misses you.
Fire: a) +0 shortbow
Press: ? - help, Q - select action Shift-Dir - straight line, f/p - gnoll
Aim: a gnoll, wielding a +0 halberd (severely wounded, 66% to hit)
You shoot an arrow. The arrow hits the gnoll.
You kill the gnoll!
The gnoll throws a throwing net.
The throwing net hits you.
You become entangled in the net!
You cannot shoot with your shortbow while held in a net.
Unknown command.
Okay, then.
As you read the scroll labelled XYRULA JILOGG, it crumbles to dust.
It is a scroll of amnesia.
You feel forgetful for a moment.
The gnoll hits you from afar with a +0 halberd!
* * * LOW HITPOINT WARNING * * *
You take 13 damage, and have 12/46 hp.
MASSIVE DAMAGE!!
As you read the scroll labelled NUCZIY FALOTUYFOXI, it dissolves into smoke.
It was a scroll of fog.
The gnoll hits you from afar with a +0 halberd!
* * * LOW HITPOINT WARNING * * *
You take 8 damage, and have 4/46 hp.
Okay, then.
As you read the scroll of butterflies, it crumbles to dust.
You hear the flapping of tiny wings.
The gnoll is knocked back by the sudden gust.
Unknown command.
You struggle against the net.
The gnoll hits you from afar with a +0 halberd!
You die...

#########...#.## ##.##
.............## ##.#
.########...#.##
##)#####.# .#
######.###.###.)...)...
.#
#....†....#.#.#######.#
.# #.####.##.##.## ##
#.# #.##.##b# # #.#
#.##.##b# # #.#
#..^[##@# # #.#
####.##b# # #.# ###
#.##g###
#####.###.###.##g..#
.................).#
#####.........###..# #
#########........#
#..#####.# # #.†# .#


You could see a gnoll (ally target).

Vanquished Creatures
  An orc priest (D:3)
  A bombardier beetle (D:3)
  An orc wizard (D:3)
  An adder (D:2)
  2 gnolls (D:3)
  5 dart slugs (D:1 D:2 D:3)
  A ribbon worm (D:2)
  7 orcs (D:2 D:3)
  8 ball pythons (D:1 D:2 D:3)
  5 endoplasms (D:1 D:3)
  A giant cockroach (D:2)
  3 goblins (D:1 D:2)
  3 hobgoblins (D:2 D:3)
  3 jackals (D:1)
  4 quokkas (D:1 D:2 D:3)
  4 bats (D:1 D:2)
  A frilled lizard (D:2)
  5 kobolds (D:1 D:2)
  5 rats (D:1 D:2 D:3)
61 creatures vanquished.

Notes
Turn   | Place    | Note
-------+----------+-------------------------------------------
     0 | D:1      | Ambrosia the Minotaur Hunter began the quest for the Orb.
     0 | D:1      | Reached XP level 1. HP: 18/18 MP: 0/0
    59 | D:1      | Reached XP level 2. HP: 25/25 MP: 1/1
   271 | D:1      | Reached skill level 3 in Fighting
   298 | D:1      | Reached skill level 1 in Armour
   321 | D:1      | Found Ybeakod's Antique Armour Boutique.
   581 | D:1      | Reached XP level 3. HP: 31/31 MP: 2/2
  1607 | D:3      | Reached skill level 3 in Dodging
  1757 | D:3      | Identified the +3 leather armour of Refuge {Int+4}
  1786 | D:3      | Reached XP level 4. HP: 38/38 MP: 3/3
  1857 | D:3      | Reached skill level 5 in Ranged Weapons
  1992 | D:3      | Reached skill level 1 in Shields
  1992 | D:3      | Reached XP level 5. HP: 29/46 MP: 4/4
  2007 | D:3      | Reached skill level 4 in Fighting
  2088 | D:3      | Reached skill level 2 in Armour
  2096 | D:3      | HP: 12/46 [gnoll/+0 halberd (13)]
  2097 | D:3      | HP: 4/46 [gnoll/+0 halberd (8)]
  2099 | D:3      | Mangled by a gnoll

Illustrated notes

Levels and vault maps discovered:
D:1:      dpeg_arrival_leaves_temple_mockup, layout_loops_ring, serial_shops,
          nicolae_shop_window_shopping, nicolae_concentric_dashed_squares_wild
D:2:      layout_basic, minmay_pentomino_pile
D:3:      layout_loops_ring, minmay_misc_feat_hallway

Skill      XL: |  1  2  3  4  5 |
---------------+----------------+-----
Fighting       | 3 4 |  4.1
Armour         | 1 2 |  2.0
Dodging        | 3 |  3.6
Ranged Weapons | 5 |  5.3
Shields        | 1 |  1.4
Stealth        | |  0.7

Action                     |  1- 3 |  4- 6 || total
---------------------------+-------+-------++-------
   Fire: Shortbow          |   112 |    55 ||   167
         Sling             |     1 |       ||     1
    Use: Scroll            |     5 |     3 ||     8
 Armour: Leather armour    |    17 |    12 ||    29
  Dodge: Dodged            |    38 |    10 ||    48

Table legend: (Time is in decaauts)
 A = Elapsed time spent in this place.
 B = Non-inter-level travel time spent in this place.
 C = Inter-level travel time spent in this place.
 D = Time resting spent in this place.
 E = Time spent auto-exploring this place.
 F = Levels seen in this place.
 G = Mean time per level.
                   A        B        C        D        E       F      G
               +--------+--------+--------+--------+--------+-----+--------+
         Total |   2130 |   2083 |     47 |     52 |   1737 |   3 |  710.0 |
       Dungeon |   2130 |   2083 |     47 |     52 |   1737 |   3 |  710.0 |
               +--------+--------+--------+--------+--------+-----+--------+

Top non-repeatable levels by time:
     D:2: 850 daAuts
     D:1: 773 daAuts
     D:3: 507 daAuts

Levels and vault maps discovered:
D:1:      dpeg_arrival_leaves_temple_mockup, layout_loops_ring, serial_shops,
          nicolae_shop_window_shopping, nicolae_concentric_dashed_squares_wild
D:2:      layout_basic, minmay_pentomino_pile
D:3:      layout_loops_ring, minmay_misc_feat_hallway

Table legend: (Time is in decaauts)
 A = Elapsed time spent in this place.
 B = Non-inter-level travel time spent in this place.
 C = Inter-level travel time spent in this place.
 D = Time resting spent in this place.
 E = Time spent auto-exploring this place.
 F = Levels seen in this place.
 G = Mean time per level.
                   A        B        C        D        E       F      G
               +--------+--------+--------+--------+--------+-----+--------+
         Total |   2130 |   2083 |     47 |     52 |   1737 |   3 |  710.0 |
       Dungeon |   2130 |   2083 |     47 |     52 |   1737 |   3 |  710.0 |
               +--------+--------+--------+--------+--------+-----+--------+

Top non-repeatable levels by time:
     D:2: 850 daAuts
     D:1: 773 daAuts
     D:3: 507 daAuts

Table legend:
 A = Kills in this place as a percentage of kills in the entire game.
 B = Kills by you in this place as a percentage of kills by you in the entire game.
 C = Kills by friends in this place as a percentage of kills by friends in the entire game.
 D = Other kills in this place as a percentage of other kills in the entire game.
 E = Experience gained in this place as a percentage of experience gained in the entire game.
 F = Experience gained in this place divided by the number of levels of this place that you have seen.
                   A       B       C       D       E      F
               +-------+-------+-------+-------+-------+----------------------
         Total | 100.0 | 100.0 |   N/A |   N/A | 100.0 |  92.0
       Dungeon | 100.0 | 100.0 |   N/A |   N/A | 100.0 |  92.0
               +-------+-------+-------+-------+-------+----------------------
